SL
NORFOLK CRUISERS @ NORTHERN VIRGINIA RETRIEVERS
07/06/2018
 
TOP OF THE 1ST
Norfolk Cruisers batting - Pitching for Northern Virginia Retrievers : LHP Javier Tares
Pitching: LHP Javier Tares
Batting: SHB Bill Becker 0-0: Foul Ball, location: 2F
0-1: Ball
1-1: Ground out 5-3 (Groundball, 56)
Batting: RHB Bill Childers 0-0: Ball
1-0: DOUBLE (Line Drive, 9LM)
Batting: RHB Terry Sylvester 0-0: Ball
1-0: Fly out, F8 (Flyball, 8LD)
Runner from 2nd tags up, SAFE at 3rd, no throw
Batting: RHB Jorge Gómez 0-0: Called Strike
0-1: Ball
1-1: Ground out 5-3 (Groundball, 56S)
Top of the 1st over - 0 run(s), 1 hit(s), 0 error(s), 1 left on base; Norfolk 0 - Northern Virginia 0
BOTTOM OF THE 1ST
Northern Virginia Retrievers batting - Pitching for Norfolk Cruisers : RHP Tom Baker
Pitching: RHP Tom Baker
Batting: RHB Shi-young Chang 0-0: Called Strike
0-1: Ground out 5-3 (Groundball, 5S)
Batting: LHB Ye Der 0-0: Called Strike
0-1: Ground out 3-1 (Groundball, 34)
Batting: RHB Ben Ross 0-0: Ball
1-0: Ball
2-0: Ball
3-0: Base on Balls
Batting: RHB Manuel Romo 0-0: Foul Ball, location: 2F
0-1: Ground out 3-1 (Groundball, 34)
Bottom of the 1st over - 0 run(s), 0 hit(s), 0 error(s), 1 left on base; Norfolk 0 - Northern Virginia 0
TOP OF THE 2ND
Norfolk Cruisers batting - Pitching for Northern Virginia Retrievers : LHP Javier Tares
Batting: RHB Steven Talley 0-0: Ground out 6-3 (Groundball, 6)
Batting: RHB Carlos Rodríguez 0-0: Called Strike
0-1: Ball
1-1: Foul Ball, location: 2F
1-2: SINGLE (Groundball, 34)
Batting: RHB Floyd Mitchell 0-0: Called Strike
0-1: Called Strike
0-2: Foul Ball, location: 2F
0-2: SINGLE (Line Drive, 56D)
Carlos Rodríguez to second
Batting: SHB Stephen Baldwin 0-0: Ball
1-0: Foul Ball, location: 2F
1-1: Ball
2-1: Called Strike
2-2: Strikes out looking
Batting: RHB Tom Baker 0-0: Called Strike
0-1: Ball
1-1: Fly out, F9 (Flyball, 9M)
Top of the 2nd over - 0 run(s), 2 hit(s), 0 error(s), 2 left on base; Norfolk 0 - Northern Virginia 0
BOTTOM OF THE 2ND
Northern Virginia Retrievers batting - Pitching for Norfolk Cruisers : RHP Tom Baker
Batting: LHB Harlan Price 0-0: Swinging Strike
0-1: Ground out U3 (Groundball, 3L)
Batting: RHB Enrique Echevarría 0-0: Ball
1-0: Called Strike
1-1: Ball
2-1: Hit by Pitch
Batting: LHB Roberto Salazar 0-0: Fly out, F8 (Popup, 8RS)
Batting: RHB Donald Stanley Balk!
Enrique Echevarría to second
0-0: TRIPLE (Line Drive, 89D)
Enrique Echevarría scores
Batting: LHB Javier Tares 0-0: Ball
1-0: Reached on Error, E7 (Flyball, 7LM)
Donald Stanley scores
Batting: RHB Shi-young Chang 0-0: Ball
1-0: Ball
2-0: Ball
Wild Pitch!
Javier Tares to third
3-0: Called Strike
3-1: Base on Balls
Batting: LHB Ye Der 0-0: Ball
1-0: Foul Ball, location: 2F
1-1: Ball
2-1: Ball
3-1: Called Strike
3-2: Base on Balls
Shi-young Chang to second
Batting: RHB Ben Ross 0-0: Foul Ball, location: 2F
0-1: Ball
1-1: Ball
Wild Pitch!
Javier Tares scores
Shi-young Chang to third
Ye Der to second
2-1: Foul Ball, location: 2F
2-2: Ground out 6-3 (Groundball, 6)
Bottom of the 2nd over - 3 run(s), 1 hit(s), 1 error(s), 2 left on base; Norfolk 0 - Northern Virginia 3
TOP OF THE 3RD
Norfolk Cruisers batting - Pitching for Northern Virginia Retrievers : LHP Javier Tares
Batting: SHB Bill Becker 0-0: Called Strike
0-1: Foul Ball, location: 2F
0-2: Foul Ball, location: 2F
0-2: Foul Ball, location: 2F
0-2: Strikes out swinging
Batting: RHB Bill Childers 0-0: Ball
1-0: Called Strike
1-1: Called Strike
1-2: Foul Ball, location: 2F
1-2: DOUBLE (Line Drive, 7LM)
Batting: RHB Terry Sylvester 0-0: Called Strike
0-1: Ball
1-1: Ball
2-1: Ball
3-1: Foul Ball, location: 2F
3-2: Ground out 6-3 (Groundball, 6M)
Bill Childers to third
Batting: RHB Jorge Gómez 0-0: Swinging Strike
0-1: Swinging Strike
0-2: Strikes out swinging
Top of the 3rd over - 0 run(s), 1 hit(s), 0 error(s), 1 left on base; Norfolk 0 - Northern Virginia 3
BOTTOM OF THE 3RD
Northern Virginia Retrievers batting - Pitching for Norfolk Cruisers : RHP Tom Baker
Batting: RHB Manuel Romo 0-0: Ball
1-0: Ball
2-0: Ground out 4-3 (Groundball, 34)
Batting: LHB Harlan Price 0-0: Foul Ball, location: 2F
0-1: Fly out, F6 (Popup, 6MD)
Batting: RHB Enrique Echevarría 0-0: DOUBLE (Line Drive, 7LM)
Batting: LHB Roberto Salazar 0-0: Ball
1-0: DOUBLE (Flyball, 89M)
Enrique Echevarría scores
Batting: RHB Donald Stanley 0-0: Ball
1-0: SINGLE (Flyball, 89S)
Roberto Salazar to third
Runner from 3rd tries for Home, SAFE, no throw or cutoff
Batting: LHB Javier Tares 0-0: Swinging Strike
0-1: Called Strike
0-2: Ball
1-2: Ground out 5-3 (Groundball, 56)
Bottom of the 3rd over - 2 run(s), 3 hit(s), 0 error(s), 1 left on base; Norfolk 0 - Northern Virginia 5
TOP OF THE 4TH
Norfolk Cruisers batting - Pitching for Northern Virginia Retrievers : LHP Javier Tares
Batting: RHB Steven Talley 0-0: Called Strike
0-1: Swinging Strike
0-2: Strikes out swinging
Batting: RHB Carlos Rodríguez 0-0: Called Strike
0-1: Ground out 6-3 (Groundball, 6M)
Batting: RHB Floyd Mitchell 0-0: Called Strike
0-1: Ground out 6-3 (Groundball, 6)
Top of the 4th over - 0 run(s), 0 hit(s), 0 error(s), 0 left on base; Norfolk 0 - Northern Virginia 5
BOTTOM OF THE 4TH
Northern Virginia Retrievers batting - Pitching for Norfolk Cruisers : RHP Tom Baker
Batting: RHB Shi-young Chang 0-0: Ball
1-0: Swinging Strike
1-1: Ball
2-1: Fly out, F8 (Flyball, 8RD)
Batting: LHB Ye Der 0-0: Ball
1-0: Swinging Strike
1-1: Called Strike
1-2: Fly out, F9 (Flyball, 9S)
Batting: RHB Ben Ross 0-0: Ball
1-0: Foul Ball, location: 2F
1-1: Ball
2-1: Called Strike
2-2: Ball
3-2: Base on Balls
Pitching: RHP Albert Braun
Batting: RHB Manuel Romo 0-0: Foul Ball, location: 2F
0-1: Called Strike
0-2: Ball
1-2: Foul Ball, location: 2F
1-2: Foul Ball, location: 2F
1-2: Ball
2-2: Foul Ball, location: 2F
2-2: Foul Ball, location: 2F
2-2: Strikes out looking
Bottom of the 4th over - 0 run(s), 0 hit(s), 0 error(s), 1 left on base; Norfolk 0 - Northern Virginia 5
TOP OF THE 5TH
Norfolk Cruisers batting - Pitching for Northern Virginia Retrievers : LHP Javier Tares
Batting: SHB Stephen Baldwin 0-0: Ball
1-0: Ball
2-0: Called Strike
2-1: Foul Ball, location: 2F
2-2: Ball
3-2: Ground out 4-3 (Groundball, 4M)
Batting: LHB Albert Braun 0-0: Ball
1-0: Foul Ball, location: 2F
1-1: Ball
2-1: Swinging Strike
2-2: Ground out U3 (Groundball, 3L)
Batting: SHB Bill Becker 0-0: Fly out, F9 (Flyball, 9S)
Top of the 5th over - 0 run(s), 0 hit(s), 0 error(s), 0 left on base; Norfolk 0 - Northern Virginia 5
BOTTOM OF THE 5TH
Northern Virginia Retrievers batting - Pitching for Norfolk Cruisers : RHP Albert Braun
Batting: LHB Harlan Price 0-0: Called Strike
0-1: Called Strike
0-2: Ball
1-2: Foul Ball, location: 2F
1-2: Ground out 4-3 (Groundball, 4)
Batting: RHB Enrique Echevarría 0-0: Called Strike
0-1: Ball
1-1: Foul Ball, location: 2F
1-2: Fly out, F7 (Line Drive, 7M)
Batting: LHB Roberto Salazar 0-0: TRIPLE (Flyball, 89M)
Batting: RHB Donald Stanley 0-0: Intentional Walk
Batting: LHB Javier Tares 0-0: Swinging Strike
0-1: Ball
1-1: Ball
2-1: Swinging Strike
2-2: Ground out 6-3 (Groundball, 6)
Bottom of the 5th over - 0 run(s), 1 hit(s), 0 error(s), 2 left on base; Norfolk 0 - Northern Virginia 5
TOP OF THE 6TH
Norfolk Cruisers batting - Pitching for Northern Virginia Retrievers : LHP Javier Tares
Batting: RHB Bill Childers 0-0: Called Strike
0-1: Swinging Strike
0-2: Ball
1-2: Ball
2-2: Foul Ball, location: 2F
2-2: Strikes out swinging
Batting: RHB Terry Sylvester 0-0: Ball
1-0: Called Strike
1-1: Called Strike
1-2: Strikes out swinging, 2-3 out at first.
Batting: RHB Jorge Gómez 0-0: Ball
1-0: Called Strike
1-1: Called Strike
1-2: SINGLE (Line Drive, 4D)
Batting: RHB Steven Talley 0-0: Ball
1-0: Ball
2-0: Ball
3-0: Base on Balls
Jorge Gómez to second
Batting: RHB Carlos Rodríguez 0-0: Ground out 4-3 (Groundball, 4)
Top of the 6th over - 0 run(s), 1 hit(s), 0 error(s), 2 left on base; Norfolk 0 - Northern Virginia 5
BOTTOM OF THE 6TH
Northern Virginia Retrievers batting - Pitching for Norfolk Cruisers : RHP Albert Braun
Batting: RHB Shi-young Chang 0-0: Swinging Strike
0-1: Ball
1-1: Swinging Strike
1-2: Strikes out looking
Batting: LHB Ye Der 0-0: Called Strike
0-1: Called Strike
0-2: Foul Ball, location: 2F
0-2: Ball
1-2: Ball
2-2: Foul Ball, location: 2F
2-2: Ball
3-2: Foul Ball, location: 2F
3-2: Foul Ball, location: 2F
3-2: Base on Balls
Batting: RHB Ben Ross 0-0: Ball
1-0: Foul Ball, location: 2F
1-1: Grounds into double play, 5-4-3 (Groundball, 56)
Bottom of the 6th over - 0 run(s), 0 hit(s), 0 error(s), 0 left on base; Norfolk 0 - Northern Virginia 5
TOP OF THE 7TH
Norfolk Cruisers batting - Pitching for Northern Virginia Retrievers : LHP Javier Tares
Now at 1B: Micheal Murdoch
Batting: RHB Floyd Mitchell 0-0: Ball
1-0: Foul Ball, location: 2F
1-1: Ball
2-1: Ball
3-1: Foul Ball, location: 2F
3-2: Foul Ball, location: 2F
3-2: Base on Balls
Batting: SHB Stephen Baldwin 0-0: Called Strike
0-1: Grounds into double play, 4-6-3 (Groundball, 4)
Pinch Hitting: RHB Matt Sheppard 0-0: Fly out, F2 (Popup, 25F)
Top of the 7th over - 0 run(s), 0 hit(s), 0 error(s), 0 left on base; Norfolk 0 - Northern Virginia 5
BOTTOM OF THE 7TH
Northern Virginia Retrievers batting - Pitching for Norfolk Cruisers : RHP Albert Braun
Pitching: LHP Russ Melanson
Batting: RHB Micheal Murdoch 0-0: SINGLE (Groundball, 56D)
Batting: LHB Harlan Price 0-0: Called Strike
0-1: Ball
1-1: Called Strike
1-2: Ball
2-2: Ball
3-2: Foul Ball, location: 2F
3-2: Foul Ball, location: 2F
3-2: Fly out, F9 (Flyball, 89D)
Batting: RHB Enrique Echevarría 0-0: Ball
1-0: Ball
2-0: Ball
3-0: Called Strike
3-1: Foul Ball, location: 2F
3-2: Base on Balls
Micheal Murdoch to second
Batting: LHB Roberto Salazar 0-0: Called Strike
0-1: SINGLE (Flyball, 8RS)
Micheal Murdoch to third
Enrique Echevarría to second
Runner from 3rd tries for Home, SAFE, throw made home
Enrique Echevarría to third
Roberto Salazar to second
Batting: RHB Donald Stanley 0-0: Called Strike
0-1: SINGLE (Line Drive, 89M)
Enrique Echevarría scores
Roberto Salazar to third
Runner from 3rd tries for Home, SAFE, no throw or cutoff
Pitching: LHP Denver Johnston
Pinch Hitting: RHB Christian O'Dell 0-0: Called Strike
0-1: Foul Ball, location: 2F
0-2: Ball
1-2: Strikes out looking
Batting: RHB Shi-young Chang 0-0: Fielders Choice at 2nd, 5-4 (Groundball, 56)
Bottom of the 7th over - 3 run(s), 3 hit(s), 0 error(s), 0 left on base; Norfolk 0 - Northern Virginia 8
TOP OF THE 8TH
Norfolk Cruisers batting - Pitching for Northern Virginia Retrievers : LHP Javier Tares
Pitching: RHP Elio Maini
Batting: SHB Bill Becker 0-0: Ground out U3 (Groundball, 3)
Batting: RHB Bill Childers 0-0: Swinging Strike
0-1: SINGLE (Line Drive, 34)
Batting: RHB Terry Sylvester 0-0: Called Strike
0-1: Foul Ball, location: 2F
0-2: Strikes out looking
Batting: RHB Jorge Gómez 0-0: Ball
1-0: Ball
2-0: 2-RUN HOME RUN (Flyball, 7D), Distance : 387 ft
Batting: RHB Steven Talley 0-0: Called Strike
0-1: Ball
1-1: Ball
2-1: Ground out 4-3 (Groundball, 34)
Top of the 8th over - 2 run(s), 2 hit(s), 0 error(s), 0 left on base; Norfolk 2 - Northern Virginia 8
BOTTOM OF THE 8TH
Northern Virginia Retrievers batting - Pitching for Norfolk Cruisers : LHP Denver Johnston
Batting: LHB Ye Der 0-0: Ball
1-0: Foul Ball, location: 2F
1-1: Swinging Strike
1-2: Fly out, F8 (Flyball, 8LD)
Batting: RHB Ben Ross 0-0: Ball
1-0: Ball
2-0: Ball
3-0: Base on Balls
Batting: RHB Micheal Murdoch 0-0: Called Strike
0-1: Ball
1-1: Ball
2-1: Grounds into double play, 6-4-3 (Groundball, 6)
Bottom of the 8th over - 0 run(s), 0 hit(s), 0 error(s), 0 left on base; Norfolk 2 - Northern Virginia 8
TOP OF THE 9TH
Norfolk Cruisers batting - Pitching for Northern Virginia Retrievers : RHP Elio Maini
Batting: RHB Carlos Rodríguez 0-0: Called Strike
0-1: Ball
1-1: Ball
2-1: Ball
3-1: Fly out, F8 (Line Drive, 8LM)
Batting: RHB Floyd Mitchell 0-0: Swinging Strike
0-1: Ball
1-1: Foul Ball, location: 2F
1-2: Strikes out swinging
Batting: SHB Stephen Baldwin 0-0: Swinging Strike
0-1: Ball
1-1: Ground out 6-3 (Groundball, 6)
Top of the 9th over - 0 run(s), 0 hit(s), 0 error(s), 0 left on base; Norfolk 2 - Northern Virginia 8
This league is powered by Out of the Park Baseball, the baseball management simulation game for PC, Mac and Linux
Monday, May 4th, 2015 - OOTP Baseball 15.6 Build 34